 Dungeon Crawl Stone Soup version 0.31-a0-803-g95b03c3367 (webtiles) character file.

Game seed: 13784843770049501607

149168 Anon1729 the Impassioned (level 16, -51/152 HPs)
             Began as a Minotaur Monk on Sept 21, 2023.
             Was a Follower of Uskayaw.
             Annihilated by a faun
             ... wielding a +0 quarterstaff
             ... led by a satyr
              (80 damage)
             ... on level 3 of the Shoals.
             The game lasted 00:39:22 (33613 turns).

Anon1729 the Impassioned (Minotaur Monk)           Turns: 33613, Time: 00:39:22

Health: -51/152    AC: 10    Str: 16    XL:     16   Next: 95%
Magic:  25/28      EV:  2    Int:  1    God:    Uskayaw [*.....]
Gold:   1468       SH:  0    Dex: 21    Spells: 15/15 levels left

rFire   + . .        K - +9 scimitar (freeze)
rCold   . . .        d - orb {light}
rNeg    + + +        Z - +0 leather armour "Timir" {rF+ rN+++ Int-4 Slay+5}
rPois   .            (helmet restricted)
rElec   .            (no cloak)
rCorr   .            o - +2 pair of gloves {hurl}
SInv    .            n - +2 pair of boots
Will    .....        U - amulet "Bahemel" {Faith +Inv}
Stlth   +            V - +5 ring of evasion
HPRegen 0.45/turn    x - ring of flight
MPRegen 0.21/turn

%: faith
@: sleeping, weak-willed, afraid, flying, glowing
A: horns 2, retaliatory headbutt, dopey 1
a: Renounce Religion, Evoke Invisibility, Stomp


You were on level 3 of the Shoals.
You worshipped Uskayaw.
Uskayaw was most pleased with you.
You visited 4 branches of the dungeon, and saw 25 of its levels.
You also visited: Ice Cave.

You collected 2843 gold pieces.
You spent 1375 gold pieces at shops.

Inventory:

Hand Weapons
 K - a +9 scimitar of freezing (weapon)
Missiles
 z - 2 throwing nets
 Y - 3 curare-tipped darts
Armour
 d - an orb of light (worn)
 n - a +2 pair of boots (worn)
 o - a +2 pair of gloves of hurling (worn)
 v - the +1 leather armour of Indomitability {rElec rN+}
   (You found it on level 4 of the Dungeon)

   rElec:     It insulates you from electricity.
   rN+:       It protects you from negative energy.
 C - a +0 pair of gloves of infusion
 Z - the +0 leather armour "Timir" (worn) {rF+ rN+++ Int-4 Slay+5}
   (You found it on level 12 of the Dungeon)

   Int-4:     It affects your intelligence (-4).
   Slay+5:    It affects your accuracy & damage with ranged weapons and melee
   (+5).
   rF+:       It protects you from fire.
   rN+++:     It renders you almost immune to negative energy.
Jewellery
 b - a ring of resist corrosion
 k - a ring of fire
 m - a ring of willpower
 x - a ring of flight (right hand)
 y - an amulet of reflection
 M - an amulet of faith
 P - a ring of see invisible
 Q - a ring of poison resistance
 U - the amulet "Bahemel" (around neck) {Faith +Inv}
   (You bought it in a shop on level 14 of the Dungeon)

   [amulet of faith]

   Faith:     It allows you to gain divine favour quickly.
   +Inv:      It lets you turn invisible.
 V - a +5 ring of evasion (left hand)
 W - a ring of positive energy
Wands
 a - a wand of iceblast (16)
 s - a wand of digging (10)
 t - a wand of mindburst (30)
 u - a wand of flame (49)
 D - a wand of charming (10)
 I - a wand of polymorph (16)
 O - a wand of light (10)
Scrolls
 e - a scroll of brand weapon
 f - a scroll of torment
 g - 3 scrolls of fear
 A - 2 scrolls of poison
 B - 2 scrolls of silence
 E - 2 scrolls of blinking
 F - 6 scrolls of revelation
 G - 18 scrolls of teleportation
 L - a scroll of immolation
 R - 3 scrolls of fog
 S - a scroll of summoning
 T - 2 scrolls of enchant armour
Potions
 c - 2 potions of ambrosia
 h - 2 potions of lignification
 i - 6 potions of might
 j - 2 potions of cancellation
 l - 7 potions of curing
 p - 3 potions of attraction
 q - a potion of invisibility
 w - 6 potions of heal wounds
 H - 3 potions of resistance
 J - 2 potions of enlightenment
 N - a potion of haste {unknown}
Miscellaneous
 r - a tin of tremorstones (2/2)
 X - a lightning rod (4/4)


   Skills:
 + Level 16.3 Fighting
 + Level 16.2 Long Blades
 + Level 5.5 Armour
 + Level 15.0 Dodging
 + Level 4.1 Stealth
 * Level 18.5 Invocations
 * Level 7.5 Evocations


You had 15 spell levels left.
You didn't know any spells.
Your spell library contained the following spells:

 Spells                   Type           Power      Damage    Failure   Level
 Freeze                   Ice            0%         1d3       63%         1
 Magic Dart               Conj           0%         1d3       63%         1
 Slow                     Hex            0%         N/A       63%         1
 Blink                    Tloc           0%         N/A       77%         2
 Cigotuvi's Dreadful Rot  Necr/Pois/Air  0%         N/A       77%         2
 Searing Ray              Conj           0%         2d4       77%         2
 Call Canine Familiar     Summ           0%         N/A       94%         3
 Confusing Touch          Hex            0%         N/A       94%         3
 Dazzling Flash           Conj/Hex       0%         N/A       94%         3
 Frozen Ramparts          Ice            0%         1d1       94%         3
 Gell's Gravitas          Tloc           0%         N/A       94%         3
 Hailstorm                Conj/Ice       0%         3d3       94%         3
 Sigil of Binding         Hex            0%         N/A       94%         3
 Teleport Other           Tloc           0%         N/A       94%         3
 Vampiric Draining        Necr           0%         2d6       94%         3
 Fulminant Prism          Conj/Hex       0%         3d5       100%        4
 Leda's Liquefaction      Hex/Erth       0%         N/A       100%        4
 Manifold Assault         Tloc           0%         N/A       100%        4
 Summon Ice Beast         Ice/Summ       0%         N/A       100%        4
 Summon Lightning Spire   Summ/Air       0%         N/A       100%        4
 Agony                    Necr           0%         N/A       100%        5
 Lee's Rapid Deconstruct  Erth           0%         3d4*      100%        5
 Silence                  Hex/Air        0%         N/A       100%        5
 Summon Forest            Summ/Tloc      0%         N/A       100%        5
 Summon Mana Viper        Hex/Summ       0%         N/A       100%        5
 Dispersal                Tloc           0%         N/A       100%        6
 Leda's Unmaking          Conj/Erth      0%         9d1       100%        6
 Summon Cactus Giant      Summ           0%         N/A       100%        6
 Monstrous Menagerie      Summ           0%         N/A       100%        7
 Dragon's Call            Summ           0%         N/A       100%        9


Dungeon Overview and Level Annotations

Branches:
Dungeon (15/15)            Temple (0/1) D:6            Lair (5/5) D:10
 Shoals (3/4) Lair:3       Spider (0/4) Lair:2        Slime (0/5) Lair:4
    Orc (2/2) D:9             Elf (0/3) Orc:2        Vaults (0/5) D:13
 Depths (0/4) D:15          IceCv (visited)

Altars:
Hepliaklqana
Kikubaaqudgha
Okawaru
Uskayaw
Wu Jian
Xom
Yredelemnul
Jiyva

Shops:
D:9 (   D:11 :   D:14 *   Orc:1 ?   Orc:2 (*:*:   Shoals:1 !

Portals:
Pandemonium: Orc:2

Annotations:
D:6 Duvessa


Innate Abilities, Weirdness & Mutations

You have a pair of horns on your head.
You reflexively headbutt those who attack you in melee.
You are dopey. (Int -2)


Message History

There are monsters nearby!
You cannot move closer to the satyr!
A faun comes into view. It is wielding a +0 spear.
The faun shouts!
The faun unwields a +0 quarterstaff.
The faun wields a +0 sling.
The faun shoots a sling bullet.
The sling bullet barely misses you.
The sling bullet hits the plant!!
The plant begins to die.
The satyr shoots an arrow.
The arrow closely misses you.
The arrow hits the plant!!
The satyr plays a rousing melody on its pipes!
The satyr goes into a battle-frenzy!
The faun unwields a +0 spear.
The faun wields a +0 sling.
The faun shoots a sling bullet.
The sling bullet misses you.
You are no longer terrified.
The satyr shoots an arrow.
The arrow hits you!!
The faun shoots a sling bullet.
The sling bullet misses you.
The sling bullet hits the plant!!
The faun shoots a sling bullet.
The sling bullet completely misses you.
The satyr shoots an arrow.
The arrow hits you!!!
* * * LOW HITPOINT WARNING * * *
The faun casts a spell at you.
Your willpower is stripped away!
You hear a shout!
The faun unwields a +0 sling.
The faun wields a +0 quarterstaff.
The faun hits you with a +0 quarterstaff.
* * * LOW HITPOINT WARNING * * *
The satyr plays a frightful melody on its pipes!
The satyr radiates an aura of fear!
You are terrified of the satyr!
You stomp with the beat, sending a shockwave through the revellers around you!
The satyr is moderately wounded.
The plant begins to die.
The plant is moderately damaged.
The faun is heavily wounded.
You can no longer pass through a line of other dancers.
A nearby plant withers and dies.
The satyr plays a lulling melody on its pipes!
You fall asleep.
The faun hits you with a +0 quarterstaff!!!!
Ouch! That really hurt!
You die...

~..~≈≈≈≈≈≈≈≈≈≈~~~.....
~~~~≈≈≈≈≈≈≈≈≈≈~~~~...
~~~~≈≈≈≈≈≈≈≈~~~~~~~..
~~~~≈≈≈≈≈≈≈≈~~~~~~~~~
.~~~≈≈≈≈≈≈≈≈~~~~~~~~~
~~≈≈≈≈≈≈≈≈≈≈≈≈~~~~~~~
~≈≈≈≈≈≈≈≈≈≈≈≈≈~~~~~~~
≈≈≈≈≈≈≈≈≈≈≈≈~P..~~~~~
≈≈≈≈≈≈≈≈≈≈≈~.@c.c~~~~
≈≈≈≈≈≈≈≈~..#)c....~~
≈≈≈≈≈≈~~.####.....~
≈≈~~~~~.. ..###.
~~~~P~> ## ≈~~~~cP
≈≈~~~.# ≈≈~~~. ≈≈~~~~


You could see 2 satyrs and a faun (strong).

Vanquished Creatures
  A lich (IceCv)
  A stone giant (D:15)
  Azrael (D:15)
  A merfolk javelineer (Shoals:3)
  2 ettins (Orc:2)
  4 merfolk impalers (Shoals:2)
  7 hydras
  5 vault guards (D:13)
  2 ogre magi
  2 demonspawn (Orc:2)
  2 caustic shrike simulacra (IceCv)
  4 catoblepae
  2 tengu warriors (D:15)
  7 two-headed ogres
  An alligator snapping turtle (Shoals:3)
  6 centaur warriors
  7 death yaks
  5 boulder beetles
  7 orc high priests (Orc:2)
  A sun demon (Orc:2)
  A deep elf knight (D:13)
  A soul eater (Orc:2)
  7 skeletal warriors
  7 skysharks
  6 sea snakes
  2 spriggan simulacra (IceCv)
  4 bog bodies (IceCv)
  2 wizards
  A necromancer (IceCv)
  Pikel (D:7)
  An obsidian statue (IceCv)
  12 harpies
  7 orc knights
  2 deep elf pyromancers
  11 ugly things
  5 cyclopes
  3 oklob plants
  7 orc sorcerers
  A faun (Shoals:3)
  7 elephants
  4 manticores
  4 merfolk sirens
  5 black mambas
  3 water nymphs
  An orange demon (Orc:2)
  2 ice statues (Shoals:1)
  4 gargoyles
  17 cane toads
  Maggie (D:6)
  An unseen horror (D:12)
  5 anaconda simulacra (IceCv)
  15 freezing wraiths (IceCv)
  4 rime drakes
  15 komodo dragons
  A yaktaur (D:15)
  3 tengu conjurers (D:15)
  An efreet (D:15)
  3 ice devils
  5 polar bears
  6 trolls
  A golden dragon simulacrum (IceCv)
  5 hornets (Lair:5)
  18 merfolk
  A wind drake (Shoals:2)
  A hornet (shapeshifter) (D:15)
  6 alligator simulacra (IceCv)
  8 dream sheep
  18 blink frogs
  A blink frog (shapeshifter) (D:14)
  9 snapping turtles
  4 dire elephant simulacra (IceCv)
  35 yaks
  2 water elementals (Shoals:1)
  A shadow (D:11)
  12 spriggans (Lair:5)
  5 fire elementals (D:15)
  6 wyverns
  2 basilisks
  A human (D:13)
  12 vampire mosquitoes
  A warg (Orc:1)
  A steam dragon (Lair:3)
  Menkaure (D:4)
  A chaos spawn (Orc:2)
  2 minotaur simulacra (IceCv)
  A harpy simulacrum (IceCv)
  2 acid dragons
  18 water moccasins
  2 hell hounds (D:15)
  A hydra simulacrum (IceCv)
  A water moccasin (shapeshifter) (D:15)
  A swamp worm (shapeshifter) (D:14)
  25 orc warriors
  7 black bears
  6 ice beasts
  2 sky beasts (D:7)
  4 boggarts (Lair:5)
  8 ogres
  35 wolves
  4 centaurs
  A lemure (D:7)
  A phantom (D:6)
  2 kobold brigands
  15 bullfrogs
  3 scorpions
  A deep troll simulacrum (IceCv)
  Dowan (D:6)
  16 wights
  2 lindwurm simulacra (IceCv)
  9 killer bees
  3 howler monkeys
  An electric eel (D:15)
  3 hounds
  23 orc priests
  3 gnoll boudas
  18 jellies
  8 iguanas
  Natasha (thrice) (D:4)
  27 orc wizards
  8 gnolls
  8 adders
  A shadow imp (D:5)
  2 white imps
  3 ufetubi
  4 worms
  2 dart slugs
  95 orcs
  9 endoplasms
  3 giant cockroaches
  6 goblins
  A hobgoblin (D:4)
  8 jackals
  21 kobolds
  4 quokkas
  4 ball pythons
  5 bats
  4 frilled lizards
  5 rats
860 creatures vanquished.

Vanquished Creatures (collateral kills)
  Snorg (Lair:3)
  A black mamba (Lair:3)
  A water moccasin (Lair:3)
3 creatures vanquished.

Vanquished Creatures (others)
  A hydra (Lair:3)
  A caustic shrike simulacrum (IceCv)
  A boulder beetle (D:11)
  A cane toad (Lair:3)
4 creatures vanquished.

Grand Total: 867 creatures vanquished

Notes
Turn   | Place    | Note
-------+----------+-------------------------------------------
     0 | D:1      | Anon1729 the Minotaur Monk began the quest for the Orb.
     0 | D:1      | Reached XP level 1. HP: 19/19 MP: 0/0
   262 | D:1      | Reached XP level 2. HP: 27/27 MP: 1/1
   870 | D:2      | Found a hide-covered altar of Uskayaw.
   955 | D:2      | Reached XP level 3. HP: 32/33 MP: 2/2
  1001 | D:2      | Became a worshipper of Uskayaw the Reveller
  1001 | D:2      | Reached * piety under Uskayaw
  1098 | D:2      | Reached ** piety under Uskayaw
  1136 | D:2      | Found a faded altar of an unknown god.
  1815 | D:3      | Reached skill level 1 in Invocations
  1855 | D:3      | Reached XP level 4. HP: 41/41 MP: 3/3
  1861 | D:3      | Reached *** piety under Uskayaw
  2053 | D:3      | Reached **** piety under Uskayaw
  2057 | D:3      | Reached skill level 2 in Invocations
  2057 | D:3      | Reached XP level 5. HP: 44/47 MP: 5/5
  2058 | D:3      | Reached ***** piety under Uskayaw
  2838 | D:4      | Noticed Menkaure
  2848 | D:4      | Killed Menkaure
  2849 | D:4      | Reached skill level 5 in Fighting
  2849 | D:4      | Reached skill level 5 in Long Blades
  2849 | D:4      | Reached skill level 3 in Invocations
  2849 | D:4      | Reached XP level 6. HP: 16/56 MP: 1/7
  2885 | D:4      | HP: 2/56 [orc priest/+0 flail (5)]
  3102 | D:4      | Noticed Natasha
  3110 | D:4      | Killed Natasha
  3143 | D:4      | Identified the +1 leather armour of Indomitability {rElec
                  | rN+}
  3155 | D:4      | Noticed Natasha
  3169 | D:4      | Killed Natasha
  3266 | D:4      | Found a basalt altar of Yredelemnul.
  3283 | D:4      | Reached skill level 5 in Dodging
  3393 | D:4      | Noticed Natasha
  3397 | D:4      | Reached skill level 4 in Invocations
  3397 | D:4      | Reached XP level 7. HP: 30/61 MP: 7/9
  3404 | D:4      | Killed Natasha
  4183 | D:5      | Entered Level 5 of the Dungeon
  4306 | D:5      | Reached skill level 5 in Invocations
  4644 | D:5      | Found an ancient bone altar of Kikubaaqudgha.
  4709 | D:5      | Found a hazy altar of Hepliaklqana.
  4784 | D:5      | Reached XP level 8. HP: 58/71 MP: 9/11
  5257 | D:6      | Found an ornate altar of the Wu Jian Council.
  5258 | D:6      | Noticed Maggie
  5259 | D:6      | Noticed Dowan
  5260 | D:6      | Noticed Duvessa
  5494 | D:4      | Reached skill level 6 in Invocations
  5940 | D:6      | Killed Dowan
  6045 | D:6      | Killed Maggie
  6309 | D:6      | Reached skill level 7 in Invocations
  6553 | D:6      | Found a staircase to the Ecumenical Temple.
  6629 | D:6      | Reached XP level 9. HP: 79/79 MP: 13/13
  6636 | D:6      | Noticed a troll
  6650 | D:6      | Reached ****** piety under Uskayaw
  6653 | D:6      | Killed a troll
  6860 | D:6      | Identified the +0 robe of Theory {-Tele Fly rPois Regen+}
  7111 | D:7      | Reached skill level 8 in Invocations
  7652 | D:7      | Noticed Pikel
  7667 | D:7      | Killed Pikel
  7702 | D:7      | Reached XP level 10. HP: 85/90 MP: 15/15
  7761 | D:7      | Reached skill level 9 in Invocations
  8915 | D:9      | Noticed a deep elf pyromancer
  8929 | D:9      | Killed a deep elf pyromancer
  8930 | D:9      | Reached skill level 10 in Invocations
  9036 | D:9      | Found Igeem's Weapon Emporium.
  9335 | D:9      | Found a staircase to the Orcish Mines.
  9362 | D:10     | Entered Level 10 of the Dungeon
  9419 | D:10     | Found a staircase to the Lair.
  9462 | D:10     | Reached XP level 11. HP: 83/99 MP: 17/17
  9805 | D:10     | Reached skill level 10 in Fighting
  9805 | D:10     | Reached skill level 10 in Long Blades
  9842 | D:10     | Found a shimmering altar of Xom.
 10455 | D:11     | Noticed a boulder beetle
 10461 | D:11     | Reached skill level 11 in Invocations
 10484 | D:11     | Killed a boulder beetle
 10955 | D:11     | Noticed a boulder beetle
 10976 | D:11     | Killed a boulder beetle
 11304 | D:11     | Found Hilibbaz's Book Shoppe.
 11641 | D:12     | Noticed a boulder beetle
 11654 | D:12     | Killed a boulder beetle
 11793 | D:12     | Identified the +0 leather armour "Timir" {rF+ rN+++ Int-4
                  | Slay+5}
 11810 | D:12     | Reached skill level 10 in Dodging
 12414 | D:12     | Reached skill level 12 in Invocations
 12810 | Lair:1   | Entered Level 1 of the Lair of Beasts
 13060 | Lair:1   | Reached XP level 12. HP: 98/110 MP: 20/20
 14188 | Lair:2   | Reached skill level 13 in Invocations
 14405 | Lair:2   | Found a hole to the Spider Nest.
 15120 | Lair:3   | Noticed a death yak
 15120 | Lair:3   | Noticed a four-headed hydra
 15143 | Lair:3   | Killed a death yak
 15145 | Lair:3   | Killed a six-headed hydra
 15210 | Lair:3   | Reached XP level 13. HP: 58/119 MP: 22/22
 15218 | Lair:3   | Noticed Snorg
 15224 | Lair:3   | Reached skill level 14 in Invocations
 15226 | Lair:3   | Killed Snorg
 16134 | Lair:3   | Found an ornate altar of the Wu Jian Council.
 16350 | Lair:3   | Found a staircase to the Shoals.
 17279 | Lair:4   | Found a viscous altar of Jiyva.
 17313 | Lair:4   | Found a staircase to the Slime Pits.
 17668 | Lair:4   | Reached skill level 15 in Invocations
 18454 | Lair:5   | Entered Level 5 of the Lair of Beasts
 18882 | Lair:5   | Reached XP level 14. HP: 81/130 MP: 24/24
 20321 | Lair:5   | Reached skill level 16 in Invocations
 21355 | D:13     | Reached skill level 1 in Evocations
 22680 | D:13     | Found a gate to the Vaults.
 23705 | D:14     | Reached XP level 15. HP: 118/139 MP: 26/26
 24369 | D:14     | Found Monkeq's Assorted Antiques.
 24377 | D:14     | Bought a scroll labelled EHUZAC KYNWE for 34 gold pieces
 24377 | D:14     | Bought a potion of heal wounds for 170 gold pieces
 24377 | D:14     | Bought a vibrating amethyst amulet for 170 gold pieces
 24377 | D:14     | Identified the amulet "Bahemel" {Faith +Inv} (You bought it
                  | in a shop on level 14 of the Dungeon)
 24377 | D:14     | Bought a scroll of revelation for 255 gold pieces
 24377 | D:14     | Bought a scroll of identify for 68 gold pieces
 24435 | D:14     | Found an iron altar of Okawaru.
 24636 | D:15     | Entered Level 15 of the Dungeon
 24650 | D:15     | Noticed Azrael
 24662 | D:15     | Killed Azrael
 24663 | D:15     | Reached skill level 15 in Fighting
 24811 | D:15     | Reached skill level 17 in Invocations
 24897 | D:15     | Reached skill level 15 in Long Blades
 25697 | D:15     | Found a staircase to the Depths.
 26140 | Orc:1    | Entered Level 1 of the Orcish Mines
 26531 | Orc:1    | Got an embossed book
 26608 | Orc:1    | Found Qaekh's Magic Scroll Boutique.
 26618 | Orc:1    | Bought a scroll of identify for 34 gold pieces
 26618 | Orc:1    | Bought a scroll of teleportation for 51 gold pieces
 26618 | Orc:1    | Bought a scroll of identify for 34 gold pieces
 26618 | Orc:1    | Bought a scroll of teleportation for 51 gold pieces
 26618 | Orc:1    | Bought a scroll of enchant weapon for 127 gold pieces
 26877 | Orc:2    | Entered Level 2 of the Orcish Mines
 26879 | Orc:2    | Found Dikkiobo's Book Emporium.
 26892 | Orc:2    | Reached skill level 1 in Armour
 27122 | Orc:2    | Reached skill level 1 in Stealth
 27309 | Orc:2    | Found a staircase to the Elven Halls.
 27360 | Orc:2    | Found Tobun's General Store.
 27456 | Orc:2    | Found Uleagu's General Store.
 27501 | Orc:2    | Bought a scroll of brand weapon for 152 gold pieces
 27501 | Orc:2    | Bought a scroll of fear for 64 gold pieces
 27503 | Orc:2    | Bought a scroll of teleportation for 45 gold pieces
 27764 | Orc:2    | Reached skill level 5 in Evocations
 28254 | Orc:2    | Found Cenevos's Book Boutique.
 28254 | Orc:2    | Found Plog's Antique Weapon Shop.
 28254 | Orc:2    | Found a one-way gate leading to the halls of Pandemonium.
 28254 | Orc:2    | Gained mutation: You are dopey. (Int -2) [a neqoxec]
 28257 | Orc:2    | Reached XP level 16. HP: 142/150 MP: 27/27
 28705 | Shoals:1 | Entered Level 1 of the Shoals
 28795 | Shoals:1 | Found a frozen archway.
 29250 | IceCv    | Entered an ice cave
 29832 | IceCv    | Found an ancient bone altar of Kikubaaqudgha.
 29836 | IceCv    | Reached skill level 18 in Invocations
 30148 | IceCv    | Noticed a lich
 30157 | IceCv    | Killed a lich
 31080 | Shoals:1 | Found Ruedomna's Distillery.
 31088 | Shoals:1 | Bought a potion of curing for 45 gold pieces
 31088 | Shoals:1 | Bought a potion of enlightenment for 75 gold pieces
 31927 | Shoals:2 | Identified the +11 sling "Doqur" {drain, rPois Str+4}
 32239 | Shoals:2 | Reached skill level 5 in Armour
 33510 | Shoals:3 | Reached skill level 15 in Dodging
 33613 | Shoals:3 | Annihilated by a faun

Illustrated notes

Levels and vault maps discovered:
D:1:      minmay_arrival_shoal_huts, layout_basic
D:2:      layout_basic, basic_altar, shapermc_ecumenical_altar_ellora,
          hangedman_abyss_or_decor_stabs, grunt_decor_fettered
D:3:      layout_loops_corners, nicolae_houndstooth_variations
D:4:      layout_basic, general_overflow_altar,
          nicolae_concentric_dashed_squares_mild, minmay_hedge_maze,
          grunt_ministairs_14, uniq_menkaure, uniq_natasha
D:5:      layout_cave_pools, nicolae_overflow_hidden_temple, lemuel_round_altar,
          nzn_hepliaklqana_mist_gate, minmay_increasing_density
D:6:      layout_basic, nicolae_wu_jian_wuxing_cycle,
          minmay_temple_entry_poolview, minmay_alternating_orb, uniq_maggie,
          uniq_duvessa
D:7:      layout_loops_cross, serial_bayou_pond_e, chequers_mini_garden,
          uniq_pikel
D:8:      layout_loops_cross
D:9:      layout_cave_pools, orc_0_dummy, serial_shops, nicolae_shop_crystal,
          dreamdust_princess_corridor
D:10:     layout_roguey [special_room_orc], lemuel_tele_altar,
          hellmonk_lair_entry_icy
D:11:     layout_loops_ring, serial_shops, nicolae_shop_waterfront
D:12:     layout_cave_pods
D:13:     layout_long_grid, grunt_vaults_entry_fortified
D:14:     layout_stronghold, hellmonk_okawaru_the_only_friend_you_need,
          serial_shops, shop
D:15:     hangedman_depths_entry_civil_slaughter, layout_loops_ring,
          serial_park_paths [serial_park_minivault_5x5_2], uniq_azrael
Lair:1:   layout_cellular_growth, serial_bayou_lagoon_a
Lair:2:   layout_big_grid, spider_nest_entry_web_field, grunt_megastairs_5
Lair:3:   nzn_winding_woodlands_medium [nzn_winding_woodlands_5x5_perimeter,
          nzn_winding_woodlands_5x15_crooked,
          nzn_winding_woodlands_5x5_open_star, nzn_winding_woodlands_5x5_three,
          nzn_winding_woodlands_center_garden,
          nzn_winding_woodlands_5x5_closed_star,
          nzn_winding_woodlands_5x5_checkerboard,
          nzn_winding_woodlands_5x15_split_checker,
          nzn_winding_woodlands_5x5_default], layout_cave_pods,
          elwin_shoals_entry_rooms, basic_altar, grunt_forest_small_clearings,
          st_stairs_13, kennysheep_catoblepas_arena, uniq_snorg
Lair:4:   layout_regular_city, minmay_slime_entry_jelly_boxes,
          grunt_megastairs_3
Lair:5:   minmay_lair_end_enchanted_forest, layout_long_grid,
          chequers_serial_rivers_large_b
Shoals:1: layout_shoals, serial_shops, shop,
          portal_ice_cave_entry_ice_statue_two, nicolae_shoals_this_corrosion
Shoals:2: layout_shoals, nicolae_shoals_isolated_beach
Shoals:3: layout_shoals, nicolae_shoals_beach_cooler
Orc:1:    layout_diamond_mine, serial_shops, nicolae_lakefront_shop,
          mines4_lemuel
Orc:2:    pf_orc_diabolical, layout_caves, serial_shops,
          nicolae_shop_statue_plus, lightli_orcish_oven

Skill      XL: |  1  2  3  4  5  6  7  8  9 10 11 12 13 14 15 16 |
---------------+-------------------------------------------------+-----
Fighting       | 4 5 6 7 8 9 11 12 13 14 15 16 | 16.3
Long Blades    | 4 5 6 7 8 9 11 12 13 14 15 16 | 16.2
Dodging        | 4 5 6 7 9 10 11 12 13 14 15 | 15.0
Invocations    | 1 2 3 4 5 7 8 10 12 13 15 16 17 18 | 18.5
Evocations     | 2 5 7 |  7.5
Armour         | 2 5 |  5.5
Stealth        | 2 4 |  4.1

Action                     |  1- 3 |  4- 6 |  7- 9 | 10-12 | 13-15 | 16-18 || total
---------------------------+-------+-------+-------+-------+-------+-------++-------
  Melee: Falchion          |    92 |   110 |   318 |    24 |       |       ||   544
         Headbutt          |    22 |    30 |    80 |   113 |   265 |    92 ||   602
         Scimitar          |       |       |       |   448 |   877 |   297 ||  1622
 Invoke: Line Pass         |       |     1 |       |     2 |     8 |       ||    11
         Stomp             |       |     1 |     6 |     3 |     5 |     1 ||    16
         Grand Finale      |       |       |     1 |       |     1 |       ||     2
  Evoke: Wand              |       |       |       |     2 |     7 |    11 ||    20
         Tin of tremorston |       |       |       |       |       |     2 ||     2
    Use: Scroll            |     4 |     1 |     5 |     8 |    14 |     1 ||    33
         Potion            |       |       |       |     3 |       |     1 ||     4
   Stab: Paralysed         |       |     4 |    25 |    52 |   107 |    40 ||   228
         Confused          |       |       |       |       |     3 |       ||     3
         Petrified         |       |       |       |       |     2 |       ||     2
         Distracted        |       |       |       |       |     1 |       ||     1
         Invisible         |       |       |       |       |       |     1 ||     1
 Armour: Robe              |    43 |    56 |    11 |       |       |       ||   110
         Leather armour    |       |       |   153 |   214 |   439 |   147 ||   953
  Dodge: Dodged            |    63 |    66 |   204 |   305 |   710 |   263 ||  1611
  Block: Orb               |       |       |    29 |    84 |   126 |       ||   239
         Reflection        |       |       |     1 |     3 |     1 |       ||     5

Table legend: (Time is in decaauts)
 A = Elapsed time spent in this place.
 B = Non-inter-level travel time spent in this place.
 C = Inter-level travel time spent in this place.
 D = Time resting spent in this place.
 E = Time spent auto-exploring this place.
 F = Levels seen in this place.
 G = Mean time per level.
                   A        B        C        D        E       F      G
               +--------+--------+--------+--------+--------+-----+--------+
         Total |  33272 |  31362 |   1910 |   2936 |  24018 |  26 | 1279.7 |
       Dungeon |  17869 |  16567 |   1302 |   1085 |  13258 |  15 | 1191.3 |
          Lair |   8395 |   8030 |    365 |   1419 |   5518 |   5 | 1679.0 |
        Shoals |   3566 |   3447 |    119 |     57 |   2952 |   3 | 1188.7 |
  Orcish Mines |   2162 |   2040 |    122 |      0 |   1662 |   2 | 1081.0 |
      Ice Cave |   1279 |   1279 |      0 |    375 |    628 |   1 | 1279.0 |
               +--------+--------+--------+--------+--------+-----+--------+

Top non-repeatable levels by time:
  Lair:4: 2594 daAuts
    D:14: 1824 daAuts
  Lair:3: 1794 daAuts
Shoals:1: 1761 daAuts
     D:4: 1758 daAuts
    D:13: 1677 daAuts
  Lair:5: 1533 daAuts
  Lair:2: 1485 daAuts
     D:6: 1458 daAuts
    D:11: 1318 daAuts
    D:12: 1285 daAuts
   IceCv: 1279 daAuts
   Orc:2: 1249 daAuts
Shoals:2: 1242 daAuts
    D:15: 1216 daAuts
